 Dungeon Crawl Stone Soup version 0.28.0-43-g3370ac3207 (webtiles) character file.

Game seed: 14228433813460459031

125749 386 the Warrior (level 16, -19/205 HPs)
             Began as a Demonspawn Transmuter on Feb 27, 2022.
             Was the Champion of Cheibriados.
             Shot with an arrow by a naga sharpshooter (25 damage)
             ... led by Vashnia
             ... on level 2 of the Snake Pit on Mar 1, 2022.
             The game lasted 05:31:42 (24881 turns).

386 the Warrior (Demonspawn Transmuter)            Turns: 24881, Time: 05:31:43

Health: -19/205    AC: 28    Str: 32    XL:     16   Next: 42%
Magic:  23/23      EV:  2    Int: 31    God:    Cheibriados [******]
Gold:   2257       SH:  8    Dex: 29    Spells: 16/23 levels left

rFire   + . .      SeeInvis +   j - +6 long sword "Ticwoq" {vorpal, rPois rC+ SInv Stlth+}
rCold   . . .      Faith    .   Z - +0 buckler
rNeg    . . .      Spirit   .   (armour currently unavailable)
rPois   +          Reflect  .   (helmet currently unavailable)
rElec   .          Harm     .   (cloak currently unavailable)
rCorr   .          Rampage  .   (gloves currently unavailable)
Will    +....      NoTele   +   (boots currently unavailable)
Stlth   ++++......              G - amulet of regeneration
HPRegen 1.24/turn               f - ring of fire
MPRegen 0.18/turn               p - +4 ring of evasion

@: lethally poisoned (-19 -> -19), tree-form (expiring), invisible, very slow
A: stationary, stasis, torment immunity, boosted hp, (spiny 3), (sturdy frame
3), demonic magic 2, (weakness stinger 1)
a: Renounce Religion, Bend Time, Temporal Distortion, Slouch, Step From Time


You were on level 2 of the Snake Pit.
You worshipped Cheibriados.
Cheibriados was exalted by your worship.
You were a tree.
You visited 5 branches of the dungeon, and saw 26 of its levels.

You collected 2257 gold pieces.

Inventory:

Hand Weapons
 j - the +6 long sword "Ticwoq" (weapon) {vorpal, rPois rC+ SInv Stlth+}
   (You found it on level 4 of the Dungeon)

   It inflicts extra damage upon your enemies.
   rC:        It protects you from cold.
   rPois:     It protects you from poison.
   SInv:      It lets you see invisible.
   Stlth:     It makes you more stealthy.
 s - a +4 morningstar
Missiles
 x - 15 javelins
 y - 3 poisoned darts
 V - 4 curare-tipped darts (quivered)
Armour
 b - a +1 cloak of willpower (melded)
 l - a +3 ring mail of cold resistance (melded)
 E - a +1 pair of boots of stealth (melded)
 F - a +0 pair of gloves (melded)
 L - the +2 helmet "Xeum" (melded) {Will+ MP+9}
   (You found it on level 1 of the Lair of Beasts)

   MP:        It affects your magic capacity (+9).
   Will:      It increases your willpower.
 Z - a +0 buckler (worn)
Jewellery
 f - a ring of fire (left branch)
 p - a +4 ring of evasion (right branch)
 G - an amulet of regeneration (around neck)
 T - a ring of resist corrosion
 U - a ring of flight
Wands
 d - a wand of iceblast (20)
 e - a wand of acid (16)
 n - a wand of mindburst (11)
 q - a wand of flame (54)
 u - a wand of digging (12)
 I - a wand of charming (10)
 N - a wand of polymorph (10)
 W - a wand of paralysis (9)
Scrolls
 k - 6 scrolls of teleportation
 m - 2 scrolls of enchant weapon
 o - 3 scrolls of immolation
 r - 2 scrolls of summoning
 v - 5 scrolls of fear
 w - 2 scrolls of holy word
 z - 2 scrolls of blinking
 B - 2 scrolls of silence
 C - a scroll of fog
 D - 3 scrolls of magic mapping
 K - 2 scrolls of enchant armour
 M - 2 scrolls of identify
 O - a scroll of acquirement {unknown}
 Y - 2 scrolls of amnesia
Potions
 a - 2 potions of haste {unknown}
 c - 6 potions of resistance
 h - 2 potions of might
 t - 6 potions of brilliance
 A - 3 potions of invisibility
 H - 4 potions of flight
 P - 3 potions of lignification
 Q - 2 potions of mutation {unknown}
 S - 2 potions of cancellation
Miscellaneous
 J - a box of beasts
 R - a lightning rod (4/4)
 X - a phial of floods


   Skills:
 + Level 15.7 Fighting
 - Level 14.0 Long Blades
 - Level 4.0 Throwing
 - Level 11.0 Armour
 - Level 7.0 Dodging
 - Level 2.0 Stealth
 + Level 7.7 Shields
 - Level 2.6 Unarmed Combat
 - Level 4.0 Spellcasting
 - Level 4.0 Hexes
 - Level 4.0 Transmutations
 + Level 4.4 Earth Magic
 - Level 10.0 Invocations
 - Level 6.0 Evocations


You had 16 spell levels left.
You knew the following spells:

 Your Spells              Type           Power      Damage    Failure   Level
a - Beastly Appendage     Tmut           62%        N/A       1%          1
b - Wereblood             Tmut           31%        N/A       2%          2
c - Cause Fear            Hex            15%        N/A       14%         4

Your spell library contained the following spells:

 Spells                   Type           Power      Damage    Failure   Level
 Animate Skeleton         Necr           12%        N/A       8%          1
 Pain                     Necr           24%        1d5       8%          1
 Shock                    Conj/Air       24%        1d4       8%          1
 Summon Small Mammal      Summ           24%        N/A       8%          1
 Inner Flame              Hex/Fire       27%        N/A       10%         3
 Portal Projectile        Hex/Tloc       36%        N/A       10%         3
 Spider Form              Tmut/Pois      18%        N/A       10%         3
 Summon Guardian Golem    Hex/Summ       18%        N/A       10%         3
 Blink                    Tloc           12%        N/A       11%         2
 Corpse Rot               Necr/Air       12%        N/A       11%         2
 Sublimation of Blood     Necr           6%         N/A       11%         2
 Petrify                  Tmut/Erth      32%        N/A       13%         4
 Call Canine Familiar     Summ           6%         N/A       22%         3
 Lesser Beckoning         Tloc           6%         N/A       22%         3
 Swiftness                Air            6%         N/A       22%         3
 Ice Form                 Ice/Tmut       18%        N/A       32%         4
 Blade Hands              Tmut           15%        N/A       36%         5
 Airstrike                Air            3%         N/A       58%         4
 Olgreb's Toxic Radiance  Pois           6%         N/A       58%         4
 Metabolic Englaciation   Hex/Ice        9%         N/A       65%         5
 Excruciating Wounds      Necr           3%         N/A       90%         5
 Manifold Assault         Tloc           6%         N/A       90%         5
 Statue Form              Tmut/Erth      21%        N/A       90%         6
 Ozocubu's Refrigeration  Ice            3%         4d5       100%        7
 Summon Hydra             Summ           3%         N/A       100%        7
 Discord                  Hex            15%        N/A       100%        8
 Ignition                 Fire           4%         3d4       100%        8
 Necromutation            Tmut/Necr      9%         N/A       100%        8


Dungeon Overview and Level Annotations

Branches:
Dungeon (15/15)            Temple (1/1) D:5            Lair (6/6) D:11
  Snake (2/4) Lair:3        Slime (0/5) Lair:5          Orc (2/2) D:10
    Elf (0/3) Orc:2        Vaults (0/5) D:13         Depths (0/4) D:15
  Swamp: Lair:2-4    Shoals: Lair:2-4

Altars:
Ashenzari
Cheibriados
Dithmenos
Elyvilon
Fedhas
Gozag
Hepliaklqana
Kikubaaqudgha
Makhleb
Nemelex Xobeh
Okawaru
Qazlal
Ru
Sif Muna
Trog
Uskayaw
Vehumet
Wu Jian
Xom
Yredelemnul
Zin
The Shining One
Beogh
Lugonu

Shops:
D:4 !   D:8 :   D:14 =*   Orc:2 [!(!

Portals:
Abyss: Snake:1

Annotations:
D:7 2 transporters, 386's ghost, novice DsTm; Joseph; Maggie
D:9 Psyche
D:12 2 transporters
D:15 2 transporters, mistmaker's ghost, adept TeAE
Lair:2 exclusion: oklob plant
Snake:1 Frances


Innate Abilities, Weirdness & Mutations

You are a tree.
Your roots penetrate the ground, keeping you stationary.
You cannot be teleported.
You are immune to unholy pain and torment.
Your maximum health is greatly increased.
Your equipment is partially melded.
((You are completely covered in sharp spines.))
((Your movements are significantly less encumbered by armour. (ER -6)))
Spells you cast may paralyse nearby enemies.
((You have a small tail.))


Message History

Your life force feels restored.
The naga sharpshooter shoots an arrow.
The arrow hits you!
* * * LOW HITPOINT WARNING * * *
Aiming: Charm
Press: ? - help, Q - select action, (/) - cycle Shift-Dir - straight line, f - naga sharpshooter
Aim: a naga sharpshooter, wielding a +0 longbow and quivering arrows (chance to affect: 16%)
Okay, then.
Aiming: Polymorph
Press: ? - help, Q - select action, (/) - cycle Shift-Dir - straight line, f - naga sharpshooter
Aim: a naga sharpshooter, wielding a +0 longbow and quivering arrows (will become an unseen horror, a dream sheep, or a meliai, chance to affect: 16%)
Okay, then.
Aiming: Paralyse
Press: ? - help, Q - select action, (/) - cycle Shift-Dir - straight line, f - naga sharpshooter
Aim: a naga sharpshooter, wielding a +0 longbow and quivering arrows (chance to affect: 16%)
Okay, then.
Throw: 4 darts (curare)
Press: ? - help, Q - select action, (/) - cycle Shift-Dir - straight line, f - naga sharpshooter
Aim: a naga sharpshooter, wielding a +0 longbow and quivering arrows (73% to hit)
Okay, then.
As you read the scroll of fog, it crumbles to dust.
The scroll dissolves into smoke.
Okay, then.
The naga sharpshooter spits poison at you.
The splash of poison hits you.
You are poisoned.
You resist.
* * * LOW HITPOINT WARNING * * *
You feel sick.
The naga sharpshooter shoots an arrow.
The arrow hits you!
* * * LOW HITPOINT WARNING * * *
You hear a shout!
You are too injured to fight recklessly!
You are too injured to fight recklessly!
You cannot move.
You cannot move.
Your transformation is almost over.
You feel sick.
The naga sharpshooter mumbles some strange words.
The naga sharpshooter magically shoots an arrow.
The arrow hits you!!
You die...

### ..###### ..##...# ####
..##...##### #...#
.).).......## .....#
.))#........###### #.....#
..)....[.....#§§§######....###
......######..§§§§N§.N)..N....
#####.# ###§§♣######....#..
#.# ##### ...## #.. ..... ##..
...#$# .# .### .# §# # .#


You could see a naga sharpshooter (catching breath).

Vanquished Creatures
  Vashnia (Snake:2)
  Rupert (D:14)
  Gastronok (D:9)
  Agnes (D:15)
  A nagaraja (Snake:2)
  Aizul (Snake:1)
  A stone giant (D:15)
  4 entropy weavers (D:14)
  2 fire dragons (D:14)
  Fannar (D:12)
  3 naga warriors
  4 ghost crabs (D:14)
  A catoblepas (D:13)
  7 hydras
  4 ogre magi (Orc:2)
  4 centaur warriors
  A merfolk avatar (Lair:6)
  2 anacondas (Snake:1)
  19 two-headed ogres
  4 tengu warriors (D:14)
  4 death yaks (Lair:6)
  A shock serpent (Snake:1)
  4 naga sharpshooters
  Sonja (D:12)
  7 fire crabs
  A naga ritualist (Snake:2)
  2 deep trolls (D:14)
  2 sea snakes (Lair:6)
  3 wizards
  2 necromancers
  An orc knight (D:14)
  A deep elf zephyrmancer (D:15)
  4 cyclopes
  6 ugly things
  3 mana vipers
  8 manticores
  20 elephants
  3 salamanders (Snake:2)
  A merfolk siren (Lair:4)
  Maurice (D:12)
  2 guardian serpents (Snake:2)
  4 naga magi
  12 black mambas
  An apocalypse crab (D:14)
  5 torpor snails
  16 cane toads
  4 yaktaurs
  A rime drake (Lair:1)
  17 komodo dragons
  3 meliai (D:15)
  2 ice devils (Lair:5)
  6 trolls
  9 polar bears
  A wind drake (Lair:6)
  A raiju (shapeshifter) (D:13)
  22 blink frogs
  24 slime creatures
  A snapping turtle (Lair:6)
  11 dream sheep
  A shadow (D:11)
  A centaur simulacrum (D:15)
  6 wyverns
  31 yaks
  3 steam dragons
  Grum (D:10)
  6 basilisks
  A warg (Orc:2)
  4 vampire mosquitoes (D:13)
  4 acid dragons
  8 nagas
  14 water moccasins
  A hornet zombie (D:8)
  A sky beast (D:7)
  An ice beast (D:8)
  9 orc warriors
  A black bear (D:7)
  2 necrophages
  27 ogres
  21 wolves
  15 centaurs
  A kobold brigand (D:9)
  4 bullfrogs
  2 gnoll sergeants (D:12)
  2 scorpions
  3 water moccasin zombies
  A wyvern zombie (D:9)
  A water moccasin skeleton (D:6)
  11 killer bees
  5 wights (D:9)
  2 electric eels
  4 howler monkeys
  3 centaur zombies
  3 jellies
  14 orc priests
  3 hounds
  2 bullfrog skeletons
  A gnoll shaman (D:8)
  Ijyb (D:3)
  A centaur skeleton (D:7)
  Jessica (D:2)
  3 iguanas
  12 orc wizards
  2 howler monkey zombies
  5 adders
  11 gnolls
  2 shadow imps
  A white imp (D:6)
  2 dart slugs
  37 orcs
  10 ball pythons
  9 endoplasms
  3 giant cockroaches (D:1)
  10 goblins
  3 hobgoblins
  3 jackals (D:2)
  A quokka (D:3)
  7 bats
  6 frilled lizards
  15 kobolds
  8 rats
  A butterfly (Lair:1)
  A toadstool (Lair:2)
655 creatures vanquished.

Vanquished Creatures (collateral kills)
  An adder (D:6)
1 creature vanquished.

Vanquished Creatures (others)
  An orc (D:10)
  A bush (Lair:6)
  25 fungi
  A lurking horror (Snake:1)
  58 plants
  12 toadstools (Lair:2)
98 creatures vanquished.

Grand Total: 754 creatures vanquished

Notes
Turn   | Place    | Note
-------+----------+-------------------------------------------
     0 | D:1      | 386 the Demonspawn Transmuter began the quest for the Orb.
     0 | D:1      | Reached XP level 1. HP: 15/15 MP: 3/3
   225 | D:1      | Gained mutation: You are partially covered in sharp spines.
                  | [demonic ancestry]
   225 | D:1      | Reached XP level 2. HP: 19/21 MP: 3/5
   439 | D:1      | Gained mutation: You are mostly covered in sharp spines.
                  | [demonic ancestry]
   439 | D:1      | Reached XP level 3. HP: 26/27 MP: 6/6
   869 | D:2      | Learned a level 2 spell: Wereblood
  1005 | D:2      | You fall into a shaft and drop 2 floors!
  1014 | D:4      | Reached skill level 2 in Fighting
  1014 | D:4      | Reached XP level 4. HP: 31/33 MP: 3/7
  1152 | D:4      | Identified the +6 long sword "Ticwoq" {vorpal, rPois rC+
                  | SInv Stlth+}
  1243 | D:2      | Reached skill level 1 in Stealth
  1365 | D:2      | Noticed Jessica
  1370 | D:2      | Killed Jessica
  1371 | D:2      | Reached XP level 5. HP: 37/38 MP: 4/9
  1810 | D:2      | Found a faded altar of an unknown god.
  2111 | D:3      | Noticed Ijyb
  2119 | D:3      | Reached skill level 1 in Long Blades
  2138 | D:3      | Killed Ijyb
  2290 | D:3      | Found a hazy altar of Hepliaklqana.
  2982 | D:4      | Identified the +6 spear "Sarcophage" {vorpal, Fly rN+ Str+4
                  | Int-4}
  3124 | D:4      | Noticed a necrophage
  3128 | D:4      | Killed a necrophage
  3129 | D:4      | Gained mutation: Spells you cast may paralyse adjacent
                  | enemies. [demonic ancestry]
  3129 | D:4      | Reached XP level 6. HP: 44/46 MP: 8/10
  3251 | D:4      | Found an ornate altar of the Wu Jian Council.
  3352 | D:4      | Found Rasum's Distillery.
  3625 | D:5      | Entered Level 5 of the Dungeon
  3856 | D:5      | Reached skill level 3 in Fighting
  4129 | D:5      | Found a staircase to the Ecumenical Temple.
  4138 | Temple   | Entered the Ecumenical Temple
  4286 | Temple   | Became a worshipper of Cheibriados the Contemplative
  4380 | D:5      | Reached XP level 7. HP: 48/52 MP: 8/12
  6245 | D:7      | Reached skill level 4 in Fighting
  6245 | D:7      | Reached skill level 1 in Armour
  6245 | D:7      | Gained mutation: You are completely covered in sharp
                  | spines. [demonic ancestry]
  6245 | D:7      | Reached XP level 8. HP: 17/60 MP: 10/14
  6786 | D:7      | Noticed Joseph
  6827 | D:7      | Found a transporter.
  6828 | D:7      | Noticed a boulder beetle
  6829 | D:7      | Found a transporter.
  6829 | D:7      | Noticed 386's ghost (novice DsTm)
  6830 | D:7      | Noticed a four-headed hydra
  6963 | D:7      | Reached skill level 5 in Fighting
  7070 | D:7      | Noticed Maggie
  7165 | D:8      | Found Obbyohy's Book Shoppe.
  7638 | D:8      | Reached * piety under Cheibriados
  7937 | D:8      | Gained mutation: Your movements are slightly less
                  | encumbered by armour. (ER -2) [demonic ancestry]
  7937 | D:8      | Reached XP level 9. HP: 69/69 MP: 10/15
  7981 | D:8      | Reached skill level 6 in Fighting
  7987 | D:8      | Reached skill level 5 in Long Blades
  8080 | D:8      | HP: 3/69 [acid dragon/splash of acid (25)]
  8910 | D:8      | Reached ** piety under Cheibriados
  9248 | D:8      | Reached skill level 1 in Invocations
  9256 | D:8      | Reached skill level 1 in Throwing
  9659 | D:9      | Reached skill level 5 in Armour
  9661 | D:9      | Reached skill level 7 in Fighting
  9703 | D:9      | Noticed Psyche
  9772 | D:9      | Noticed Gastronok
  9927 | D:9      | Killed Gastronok
  9928 | D:9      | Gained mutation: Spells you cast may paralyse nearby
                  | enemies. [demonic ancestry]
  9928 | D:9      | Reached XP level 10. HP: 61/80 MP: 10/16
 10141 | D:10     | Entered Level 10 of the Dungeon
 10225 | D:10     | Reached skill level 8 in Fighting
 10242 | D:9      | Reached *** piety under Cheibriados
 10301 | D:10     | Upgraded the game from 0.28.0-1-gb440e238dd to
                  | 0.28.0-43-g3370ac3207
 10365 | D:10     | Noticed a two-headed ogre
 10367 | D:10     | Noticed Grum
 10384 | D:10     | Killed a two-headed ogre
 10385 | D:10     | Reached skill level 1 in Shields
 10405 | D:10     | Killed Grum
 10505 | D:10     | Found a staircase to the Orcish Mines.
 10930 | D:11     | Found a shimmering blue altar of Sif Muna.
 10989 | D:11     | Reached **** piety under Cheibriados
 10998 | D:11     | Reached skill level 9 in Fighting
 10998 | D:11     | Reached XP level 11. HP: 78/89 MP: 17/17
 11130 | D:11     | Found a staircase to the Lair.
 11141 | D:11     | Noticed a two-headed ogre
 11150 | D:11     | Killed a two-headed ogre
 11542 | Lair:1   | Entered Level 1 of the Lair of Beasts
 11602 | Lair:1   | Noticed a seven-headed hydra
 11841 | Lair:1   | Identified the +2 helmet "Xeum" {Will+ MP+9}
 12233 | Lair:1   | Killed a nine-headed hydra
 12234 | Lair:1   | Reached skill level 10 in Fighting
 12482 | Lair:2   | Found a blossoming altar of Fedhas.
 12491 | Lair:2   | Noticed an oklob plant
 12551 | Lair:2   | Reached skill level 1 in Evocations
 12570 | Lair:2   | Reached skill level 10 in Long Blades
 12660 | Lair:2   | Reached XP level 12. HP: 97/97 MP: 18/18
 12732 | Lair:2   | Reached ***** piety under Cheibriados
 13564 | Lair:3   | Found a staircase to the Snake Pit.
 13631 | Lair:3   | Identified the +1 robe of the Ditch-Digger {rPois Str+6
                  | Int-3 Dex+2}
 14620 | Lair:4   | Reached skill level 11 in Fighting
 14642 | Lair:4   | Noticed a six-headed hydra
 14704 | Lair:4   | Reached skill level 5 in Invocations
 14726 | Lair:4   | Killed a six-headed hydra
 15024 | Lair:4   | Reached XP level 13. HP: 67/106 MP: 19/19
 15100 | Lair:4   | Reached skill level 1 in Hexes
 15210 | Lair:5   | Reached ****** piety under Cheibriados
 15687 | Lair:5   | Reached skill level 10 in Armour
 15764 | Lair:5   | Found a staircase to the Slime Pits.
 15863 | Lair:5   | Learned a level 4 spell: Cause Fear
 15866 | Lair:6   | Entered Level 6 of the Lair of Beasts
 15896 | Lair:6   | Reached skill level 5 in Dodging
 15944 | Lair:6   | Reached skill level 12 in Fighting
 16490 | Lair:6   | Gained mutation: You have a small tail. [demonic ancestry]
 16490 | Lair:6   | Reached XP level 14. HP: 104/115 MP: 20/20
 16733 | Lair:6   | Reached skill level 5 in Evocations
 17206 | Lair:6   | Identified the +8 glaive of the Known World {venom, rF+}
 17457 | D:12     | Noticed Sonja
 17462 | D:12     | Killed Sonja
 17517 | D:12     | Noticed Fannar
 17534 | D:12     | Killed Fannar
 17547 | D:12     | Noticed Maurice
 17664 | D:12     | Killed Maurice
 17947 | D:12     | Found a transporter.
 17948 | D:12     | Found a transporter.
 18128 | D:13     | Reached skill level 13 in Fighting
 18147 | D:13     | Got Ereshkigal's Tome of Evil
 18270 | D:13     | Found a gate to the Vaults.
 19235 | D:14     | Found a runed translucent door.
 19585 | D:14     | Found Ygha's Blood Bar.
 19995 | D:14     | Found Qeseades's Jewellery Boutique.
 20066 | D:14     | Gained mutation: Your movements are less encumbered by
                  | armour. (ER -4) [demonic ancestry]
 20066 | D:14     | Reached XP level 15. HP: 124/124 MP: 19/21
 20189 | D:14     | Reached skill level 5 in Shields
 20853 | D:15     | Entered Level 15 of the Dungeon
 20853 | D:15     | Noticed Rupert
 21176 | D:14     | Killed Rupert
 21177 | D:14     | Reached skill level 14 in Fighting
 22520 | D:15     | Noticed Agnes
 22552 | D:15     | Found a shadowy altar of Dithmenos.
 22612 | D:15     | Found a broken altar of Ashenzari.
 22697 | D:15     | Found a staircase to the Depths.
 22803 | D:15     | Killed Agnes
 22804 | D:15     | Reached skill level 1 in Earth Magic
 22878 | D:15     | Reached skill level 15 in Fighting
 22957 | D:15     | Found a transporter.
 22962 | D:15     | Noticed mistmaker's ghost (adept TeAE)
 22975 | D:15     | Found a transporter.
 23136 | D:12     | Found the +2 Maxwell's thermic engine {flame, freeze}
 23193 | Orc:1    | Entered Level 1 of the Orcish Mines
 23324 | Orc:2    | Entered Level 2 of the Orcish Mines
 23681 | Orc:2    | Gained mutation: Your movements are significantly less
                  | encumbered by armour. (ER -6) [demonic ancestry]
 23681 | Orc:2    | Reached XP level 16. HP: 133/136 MP: 21/22
 23709 | Orc:2    | Found Zyfyulam's Weapon Shop.
 23709 | Orc:2    | Found Jakliak's Distillery.
 23710 | Orc:2    | Found Neveghe's Armour Emporium.
 23710 | Orc:2    | Found Ysyum's Distillery.
 23949 | Orc:2    | Found a staircase to the Elven Halls.
 24146 | Snake:1  | Entered Level 1 of the Snake Pit
 24332 | Snake:1  | Found a one-way gate to the infinite horrors of the Abyss.
 24332 | Snake:1  | Noticed Aizul
 24342 | Snake:1  | Killed Aizul
 24422 | Snake:1  | Found a corrupted altar of Lugonu.
 24439 | Snake:1  | Noticed Frances
 24587 | Snake:2  | Reached skill level 10 in Invocations
 24673 | Snake:2  | Noticed Vashnia
 24864 | Snake:2  | HP: 8/199 [Vashnia/bolt (25)]
 24873 | Snake:2  | Killed Vashnia
 24880 | Snake:2  | HP: 6/205 [naga sharpshooter/arrow[Vashnia] (10)]
 24881 | Snake:2  | Shot with an arrow by a naga sharpshooter

Illustrated notes

Levels and vault maps discovered:
D:1:      saegor_arrival_under_anarchy, layout_basic
D:2:      layout_basic, shapermc_ecumenical_altar_pompeii, uniq_jessica
D:3:      layout_basic, general_overflow_altar, minmay_misc_feat_four_crosses,
          uniq_ijyb
D:4:      layout_loops_ring, nicolae_wu_jian_immortal_techniques, serial_shops,
          nicolae_lakefront_shop, kennysheep_generic_room_15
D:5:      layout_basic, minmay_temple_entry_glassed_door
D:6:      layout_layer_cave, grunt_ministairs_11
D:7:      layout_loops_ring, gammafunk_ghost_arena, kennysheep_generic_room_12,
          uniq_maggie, uniq_joseph
D:8:      layout_layer_cave, enter_bailey_5, serial_shops, shop_statue,
          grunt_ministairs_7
D:9:      layout_cave_pools, uniq_gastronok, uniq_psyche
D:10:     layout_cave_pools, minmay_orc_entry_temple_small, uniq_grum
D:11:     layout_roguey, lair_entry_dummy, lemuel_blue_sif_altar
D:12:     layout_roguey, gammafunk_ghost_wrathful_warriors, uniq_fannar,
          uniq_sonja, uniq_maurice
D:13:     layout_basic, david_vaults_1
D:14:     gammafunk_mikee_crab_dinner, layout_loops_corners, serial_shops,
          kennysheep_mini, guppyfry_shop_blood
D:15:     hangedman_depths_entry_civil_slaughter, layout_cross,
          gammafunk_ghost_berserking_beasts, cheibrodos_ashenzari_chains,
          grunt_dithmenos_smoke, uniq_agnes, uniq_rupert
Temple:   regret_index_temple_chain_breaker
Lair:1:   layout_loops_ring, serial_bayou_shore_b, lemuel_fruit_fields
Lair:2:   layout_hall_layers, tgw_fedhas, grunt_megastairs_4
Lair:3:   layout_chaotic_city, dummy_snake_entry, serial_bayou_lagoon_a,
          chequers_serial_rivers_large_a, lemuel_old_faithful
Lair:4:   layout_regular_city, elwin_shoals_entry_rooms
Lair:5:   layout_misc_corridors, nicolae_slime_entry_slimehenge,
          portal_ice_cave_demonic_guard, grunt_megastairs_5
Lair:6:   gammafunk_lair_ancient_temple, layout_regular_city, serial_rivers,
          chequers_serial_rivers_small_3, chequers_serial_rivers_small_a,
          chequers_serial_rivers_micro_d, chequers_serial_rivers_micro_e
Snake:1:  layout_gridlike, basic_altar, amcnicky_altar_lugonu_corruption,
          serial_bayou_shore_a, uniq_frances, uniq_aizul, uniq_nikola
Snake:2:  layout_misc_corridors, lemuel_fruit_tree, serial_bayou_shore_b,
          grunt_megastairs_2, uniq_vashnia, uniq_kirke
Orc:1:    layout_diamond_mine, serial_shops, nicolae_shop_waterfront
Orc:2:    st_orc_ogre_mass, layout_caves, basic_altar

Skill      XL: |  1  2  3  4  5  6  7  8  9 10 11 12 13 14 15 16 |
---------------+-------------------------------------------------+-----
Dodging        | 2 3 4 5 6 7 |  7.0
Transmutations | 2 3 4 |  4.0
Fighting       | 2 3 4 5 7 9 10 11 12 13 15 | 15.7
Stealth        | 1 2 |  2.0
Long Blades    | 1 2 3 4 6 7 10 11 12 13 14 | 14.0
Spellcasting   | 3 4 |  4.0
Armour         | 1 3 6 7 8 9 10 11 | 11.0
Invocations    | 2 3 5 8 9 10 | 10.0
Throwing       | 2 3 4 |  4.0
Shields        | 2 3 4 6 7 |  7.7
Evocations     | 2 4 6 |  6.0
Hexes          | 4 |  4.0
Earth Magic    | 2 4 |  4.4
Unarmed Combat | |  2.6

Action                   |  1- 3 |  4- 6 |  7- 9 | 10-12 | 13-15 | 16-18 || total
-------------------------+-------+-------+-------+-------+-------+-------++-------
Melee: Unarmed           |    23 |       |       |       |       |       ||    23
       Kick              |     8 |       |       |    15 |   121 |    55 ||   199
       Headbutt          |     7 |       |       |     8 |    76 |    32 ||   123
       Dagger            |    12 |       |       |       |       |       ||    12
       Punch             |     2 |     1 |     6 |    12 |    38 |       ||    59
       Short sword       |    17 |     2 |       |       |       |       ||    19
       Long sword        |       |    63 |   159 |   363 |   840 |   162 ||  1587
       Morningstar       |       |       |       |     5 |    27 |       ||    32
       Tailslap          |       |       |       |       |   116 |    43 ||   159
Throw: Stone             |       |     1 |    12 |       |       |       ||    13
       Dart              |       |       |     2 |    13 |    19 |     1 ||    35
       Javelin           |       |       |       |       |     4 |       ||     4
 Cast: Beastly Appendage |    22 |       |       |     7 |    35 |     9 ||    73
       Wereblood         |     1 |    25 |    49 |    35 |    57 |     8 ||   175
       Cause Fear        |       |       |       |       |       |     1 ||     1
Invok: Bend Time         |       |       |       |     1 |     2 |       ||     3
       Step From Time    |       |       |       |       |       |     1 ||     1
Evoke: Wand              |       |       |     1 |     5 |     6 |       ||    12
       Lightning rod     |       |       |       |       |     1 |       ||     1
  Use: Scroll            |       |       |     3 |     9 |    13 |     5 ||    30
       Potion            |       |       |     1 |     7 |     8 |     8 ||    24
 Stab: Sleeping          |     2 |    11 |     1 |     6 |     4 |       ||    24
       Paralysed         |       |     4 |    23 |    24 |    34 |     5 ||    90
       Distracted        |       |       |       |       |     3 |     1 ||     4
Armor: Robe              |     6 |     1 |     6 |       |       |       ||    13
       Ring mail         |       |       |    47 |   198 |   356 |    21 ||   622
       Skin              |       |       |       |       |       |     2 ||     2
Dodge: Dodged            |    24 |    26 |   113 |   339 |   871 |   113 ||  1486
Block: Buckler           |       |       |       |       |    46 |    60 ||   106
